Map: Acid Plant LE

Players

SCTryhard

  • Race: Zerg Zerg
  • League: Platinum
  • Spawn Location: 11:00

BlackRaven - Winner!

  • Race: Zerg Zerg
  • League: Gold
  • Spawn Location: 5:00

VOD

Have the link to the VOD?

Description

some of my friend replay

Time

  • Played on: March 12, 2018, 9:31 a.m.
  • Length: 6:47
Show
View Real Time Build Order
Export as new Build Order

SCTryhard Zerg 

Build Orders: Hatch First 

Get SALT Encoding   

  12  0:01  Drone  
  13  0:08  Drone  
  14  0:16  Overlord  
  14  0:35  Drone x2  
  16  0:36  Drone  
  17  0:54  Hatchery  
  16  1:00  Drone  
  16  1:01  Extractor  
  16  1:02  Drone  
  17  1:17  Spawning Pool  
  16  1:21  Drone  
  17  1:25  Drone  
  17  1:32  Drone  
  19  1:42  Drone  
  20  2:03  Metabolic Boost  
  20  2:07  Zergling x6, Queen  
  20  2:08  Queen  
  27  2:30  Drone  
  27  2:31  Overlord  
  27  2:33  Overlord  
  28  2:55  Drone x6  
  34  3:01  Roach Warren  
  33  3:14  Evolution Chamber  
  33  3:18  Evolution Chamber  
  31  3:20  Spine Crawler  
  30  3:38  Drone x6  
  36  3:44  Lair  
  36  3:59  Queen  
  33  4:19  Spine Crawler  
  33  4:20  Roach x4  
  33  4:21  Roach  
  42  4:34  Drone x2  
  44  4:48  Overlord x4  
  44  5:08  Queen  
  44  5:10  Drone x4  
  50  5:24  Extractor  
  50  5:25  Spore Crawler  
  48  5:31  Extractor  
  48  5:32  Extractor  
  46  5:57  Hatchery  
  46  6:00  Roach x2  
  49  6:05  Spore Crawler  
  49  6:08  Drone x10  
  58  6:15  Ravager  
  59  6:32  Ravager  
Show
View Real Time Build Order
Export as new Build Order

BlackRaven Zerg - Winner!

Build Orders: Pool First, Zergling Baneling 

Get SALT Encoding   

  12  0:02  Drone  
  13  0:09  Drone  
  14  0:18  Extractor  
  13  0:22  Extractor  
  13  0:23  Drone x2  
  16  0:37  Spawning Pool  
  15  0:59  Hatchery  
  15  1:04  Hatchery  
  15  1:09  Extractor  
  13  1:15  Overlord  
  13  1:28  Zergling x2  
  14  1:33  Queen  
  14  1:35  Drone  
  14  1:37  Drone  
  18  1:46  Drone  
  19  1:51  Zergling x2  
  20  2:04  Zergling x2  
  21  2:12  Drone  
  22  2:16  Drone  
  22  2:17  Queen  
  25  2:23  Overlord  
  25  2:34  Drone  
  26  2:37  Drone  
  27  2:44  Zergling x6  
  27  2:48  Baneling Nest  
  29  2:51  Drone  
  29  2:52  Drone  
  29  2:56  Metabolic Boost  
  31  3:06  Drone  
  31  3:10  Queen  
  34  3:16  Overlord  
  34  3:23  Drone x2  
  36  3:37  Baneling x2  
  36  3:38  Baneling x3  
  36  3:46  Zergling x4  
  36  3:47  Zergling x10  
  37  4:27  Evolution Chamber, Roach Warren  
  37  4:29  Drone  
  37  4:30  Drone x3  
  37  4:31  Overlord  
  39  4:37  Baneling  
  39  4:38  Baneling x6  
  39  4:45  Hatchery  
  39  4:46  Drone x2  
  39  4:47  Drone  
  41  4:57  Drone x2  
  43  5:04  Extractor  
  42  5:10  Roach  
  42  5:11  Roach x3  
  42  5:12  Zergling x4  
  52  5:15  Overlord  
  52  5:29  Extractor  
  52  5:30  Drone  
  52  5:34  Drone x3  
  55  5:38  Drone x3  
  58  6:08  Queen  
  58  6:09  Drone x2  
  62  6:17  Roach  
  62  6:18  Roach  
  66  6:19  Overlord x2  
  66  6:27  Overlord  
Tags
 
Add a new tag
Caveats
  • Supply blocks, unpowered buildings, or Contaminate may cause inaccurate times.
  • Supply counts are checked every 10 seconds.